 Dungeon Crawl Stone Soup version 0.29-a0-330-g52719c12eb (webtiles) character file.

Game seed: 2334853167865665700

61 Crownlay the Digger (level 4, 0/27 HPs)
             Began as an Octopode Earth Elementalist on May 8, 2022.
             Slain by Sigmund
             ... wielding a +0 scythe of protection
              (12 damage)
             ... on level 2 of the Dungeon.
             The game lasted 00:02:58 (1646 turns).

Crownlay the Digger (Octopode Earth Elementalist)   Turns: 1646, Time: 00:02:59

Health: 0/27       AC:  1    Str:  7    XL:     4   Next: 7%
Magic:  4/7        EV: 13    Int: 19    God:
Gold:   85         SH:  0    Dex: 12    Spells: 7/8 levels left

rFire   . . .      SeeInvis .   m - +2 whip (elec)
rCold   . . .      Faith    .   (no shield)
rNeg    . . .      Spirit   .   (helmet restricted)
rPois   .          Reflect  .   (no amulet)
rElec   .          Harm     .   (no ring)
rCorr   .          Rampage  .   (no ring)
Will    .....                   (no ring)
Stlth   +++.......              (no ring)
HPRegen 0.09/turn               (no ring)
MPRegen 0.10/turn               (no ring)
                                (no ring)
                                (no ring)

@: no status effects
A: almost no armour, amphibious, 8 rings, camouflage 1, gelatinous body 1,
(nimble swimmer 1), tentacles
a: no special abilities


You were on level 2 of the Dungeon.
You visited 1 branch of the dungeon, and saw 2 of its levels.

You collected 131 gold pieces.
You spent 46 gold pieces at shops.

Inventory:

Hand Weapons
 m - a +2 whip of electrocution (weapon)
Missiles
 a - 47 stones
Scrolls
 c - a scroll of blinking {unknown}
 g - 3 scrolls of summoning {unknown}
 i - a scroll of identify
 j - a scroll of noise {unknown}
 k - a scroll of teleportation {unknown}
Potions
 b - a potion of magic
 d - a potion of degeneration
 e - 2 potions of invisibility
 f - a potion of might
 h - 2 potions of haste {unknown}
 l - a potion of heal wounds {unknown}


   Skills:
 - Level 2.0 Dodging
 - Level 2.6 Stealth
 + Level 2.5 Spellcasting
 + Level 1.4 Conjurations
 - Level 1.0 Transmutations
 * Level 4.0 Earth Magic


You had 7 spell levels left.
You knew the following spells:

 Your Spells              Type           Power      Damage    Failure   Level
a - Sandblast             Erth           34%        2d9       3%          1

Your spell library contained the following spells:

 Spells                   Type           Power      Damage    Failure   Level
 Passwall                 Tmut/Erth      10%        N/A       9%          2
 Sting                    Tmut/Pois      16%        1d3       13%         1
 Stone Arrow              Conj/Erth      24%        3d8       16%         3
 Poisonous Vapours        Pois/Air       4%         N/A       24%         2
 Petrify                  Tmut/Erth      12%        N/A       50%         4
 Olgreb's Toxic Radiance  Pois           2%         N/A       85%         4


Dungeon Overview and Level Annotations

Branches:
Dungeon (2/15)

Altars:
Ashenzari

Shops:
D:2 *

Annotations:
D:2 Sigmund


Innate Abilities, Weirdness & Mutations

You cannot wear most types of armour.
You are amphibious.
You can wear up to eight rings at the same time.
Your skin changes colour to match your surroundings (Stealth+).
Your rubbery body absorbs attacks. (AC +1, EV +1)
((You are camouflaged when in or above water. (Stealth+)))
You have tentacles for arms and can constrict up to eight enemies at once.


Message History

Deactivating autopickup; reactivate with Ctrl-A.
The kobold misses you.
You hit the kobold. Lightning courses through the kobold!
You kill the kobold!
Found a stone staircase leading down.
Something tries to affect you, but you resist.
A magic dart appears from out of thin air!
The magic dart hits you. Something hits you!
You are too injured to fight recklessly!
You are too injured to fight recklessly!
You are too injured to fight recklessly!
You are too injured to fight recklessly!
You are too injured to fight recklessly!
You are too injured to fight recklessly!
You are too injured to fight recklessly!
You are too injured to fight recklessly!
You are too injured to fight recklessly!
You are too injured to fight recklessly!
You are too injured to fight recklessly!
You are too injured to fight recklessly!
You are too injured to fight recklessly!
You are too injured to fight recklessly!
Casting: Sandblast (safe; 3% risk of failure)
Confirm with . or Enter, or press ? or * to list all spells.
Aiming: Sandblast (safe; 3% risk of failure)
Press: ? - help, Shift-Dir - straight line The blast of sand hits something but does no damage.
Something barely misses you.
Casting: Sandblast (safe; 3% risk of failure)
Confirm with . or Enter, or press ? or * to list all spells.
Aiming: Sandblast (safe; 3% risk of failure)
Press: ? - help, Shift-Dir - straight line
Casting: Sandblast (safe; 3% risk of failure)
Confirm with . or Enter, or press ? or * to list all spells.
Aiming: Sandblast (safe; 3% risk of failure)
Press: ? - help, Shift-Dir - straight line The blast of sand hits something but does no damage.
Something hits you!
You die...

##.......# .# #
##........##.# #
#............#
#..........####
###
#..........##..###
#..
.........)....##.#
##.#
...........#####.#
##.## P.........##
#..###..#
P......@...#
#......##
......{S...#
########
...........#
...........#
..........>#
..........##
###......##
########


You could see a ball python.

Vanquished Creatures
  An adder (D:2)
  2 worms (D:2)
  2 dart slugs
  A ball python (D:1)
  3 endoplasms
  2 giant cockroaches (D:2)
  A goblin (D:1)
  6 hobgoblins
  4 jackals (D:2)
  3 quokkas
  3 bats (D:1)
  6 frilled lizards
  3 kobolds
  2 rats (D:2)
39 creatures vanquished.

Vanquished Creatures (others)
  3 fungi (D:2)
  A plant (D:2)
4 creatures vanquished.

Grand Total: 43 creatures vanquished

Notes
Turn   | Place    | Note
-------+----------+-------------------------------------------
     0 | D:1      | Crownlay the Octopode Earth Elementalist began the quest
                  | for the Orb.
     0 | D:1      | Reached XP level 1. HP: 11/11 MP: 3/3
   440 | D:1      | Reached XP level 2. HP: 17/17 MP: 1/5
   961 | D:2      | Reached skill level 1 in Conjurations
   978 | D:2      | Found Tellumny's Assorted Antiques.
   980 | D:2      | Found a broken altar of Ashenzari.
   993 | D:2      | Reached XP level 3. HP: 21/21 MP: 2/6
  1142 | D:2      | Bought a scroll of identify for 46 gold pieces
  1542 | D:2      | Reached skill level 4 in Earth Magic
  1636 | D:2      | Reached XP level 4. HP: 27/27 MP: 7/7
  1637 | D:2      | Noticed Sigmund
  1646 | D:2      | Slain by Sigmund

Illustrated notes

Levels and vault maps discovered:
D:1:      tarquinn_simple_flora_water_a, layout_basic, item_on_display_a
D:2:      layout_rooms, serial_shops, nicolae_shop_stone,
          dreamdust_ecumenical_altar_hidden_monk_grotto, basic_altar,
          serial_park_tiny_2, minmay_strange_pillars, kennysheep_boxes,
          uniq_sigmund

Skill      XL: |  1  2  3 |
---------------+----------+-----
Conjurations   | 1 |  1.4
Earth Magic    | 4 |  4.0
Dodging        | |  2.0
Stealth        | |  2.6
Spellcasting   | |  2.5
Transmutations | |  1.0

Action                   |  1- 3 |  4- 6 || total
-------------------------+-------+-------++-------
Melee: Unarmed           |    12 |       ||    12
       Constrict         |     4 |     1 ||     5
       Tentacles         |     4 |     2 ||     6
       Whip              |     3 |     3 ||     6
 Cast: Sandblast         |    47 |     3 ||    50
  Use: Scroll            |     3 |       ||     3
 Stab: Sleeping          |       |     1 ||     1
Armor: Skin              |     2 |       ||     2
Dodge: Dodged            |    19 |     4 ||    23

Table legend: (Time is in decaauts)
 A = Elapsed time spent in this place.
 B = Non-inter-level travel time spent in this place.
 C = Inter-level travel time spent in this place.
 D = Time resting spent in this place.
 E = Time spent auto-exploring this place.
 F = Levels seen in this place.
 G = Mean time per level.
                   A        B        C        D        E       F      G
               +--------+--------+--------+--------+--------+-----+--------+
         Total |   1645 |   1578 |     67 |      0 |   1376 |   2 |  822.5 |
       Dungeon |   1645 |   1578 |     67 |      0 |   1376 |   2 |  822.5 |
               +--------+--------+--------+--------+--------+-----+--------+

Top non-repeatable levels by time:
     D:1: 952 daAuts
     D:2: 693 daAuts
